IL
TOLEDO MUD HENS @ ROUND ROCK EXPRESS
07/11/2045
 
TOP OF THE 1ST
Toledo Mud Hens batting - Pitching for Round Rock Express : RHP Corey Larimer
Pitching: RHP Corey Larimer
Batting: SHB Adam Weber 0-0: Called Strike
0-1: Ball
1-1: Ball
2-1: Ball
3-1: Base on Balls
Batting: LHB Jamel Alexander 0-0: Foul Ball, location: 2F
0-1: Foul Ball, location: 2F
0-2: Ball
1-2: Ball
2-2: Ball
3-2: Foul Ball, location: 2F
3-2: Foul Ball, location: 2F
3-2: Fielders Choice at 2nd, 3-6 (Groundball, 34, EV 99.4 MPH)
Batting: LHB Andy Schumacher 0-0: Swinging Strike
0-1: Foul Ball, location: 2F
0-2: Foul Ball, location: 2F
0-2: Foul Ball, location: 2F
0-2: Foul Ball, location: 2F
0-2: Ball
1-2: Ball
2-2: Ball
3-2: Strikes out looking
Batting: RHB Tim Borden 0-0: Called Strike
0-1: Ball
1-1: Swinging Strike
1-2: Strikes out swinging
Top of the 1st over - 0 runs, 0 hits, 0 errors, 1 left on base; Toledo 0 - Round Rock 0
BOTTOM OF THE 1ST
Round Rock Express batting - Pitching for Toledo Mud Hens : RHP Wayne McAllister
Pitching: RHP Wayne McAllister
Batting: LHB Alejandro Soriano 0-0: Ball
1-0: Called Strike
1-1: Foul Ball, location: 2F
1-2: Fly out, F6 (Flyball, 6MD, EV 90.6 MPH)
Batting: RHB Zhi-bin Ou-yang 0-0: Hit by Pitch
Batting: RHB Doug Hammertime 0-0: Called Strike
0-1: Ball
1-1: Ball
2-1: Foul Ball, location: 2F
2-2: Foul Ball, location: 2F
2-2: Ball
Zhi-bin Ou-yang steals 2nd base
3-2: Ground out U3 (Groundball, 34, EV 86.2 MPH)
Zhi-bin Ou-yang to third
Batting: RHB Luis Villanueva 0-0: Foul Ball, location: 2F
0-1: Ball
1-1: Ball
2-1: Ground out 4-3 (Groundball, 4, EV 82.5 MPH)
Bottom of the 1st over - 0 runs, 0 hits, 0 errors, 1 left on base; Toledo 0 - Round Rock 0
TOP OF THE 2ND
Toledo Mud Hens batting - Pitching for Round Rock Express : RHP Corey Larimer
Batting: SHB Jamie Roberts 0-0: Called Strike
0-1: Foul Ball, location: 2F
0-2: Strikes out swinging
Batting: RHB Steve Clark 0-0: Called Strike
0-1: Fly out, F9 (Line Drive, 9D, EV 85.6 MPH)
Batting: RHB Zach Koblinski 0-0: Called Strike
0-1: Swinging Strike
0-2: Strikes out swinging
Top of the 2nd over - 0 runs, 0 hits, 0 errors, 0 left on base; Toledo 0 - Round Rock 0
BOTTOM OF THE 2ND
Round Rock Express batting - Pitching for Toledo Mud Hens : RHP Wayne McAllister
Batting: SHB Valentin Laporte 0-0: Ball
1-0: Ball
2-0: Foul Ball, location: 2F
2-1: Ball
3-1: Base on Balls
Batting: RHB Orlando Suarez 0-0: Called Strike
0-1: Ball
1-1: Foul Ball, location: 2F
1-2: Ball
2-2: Ball
3-2: Foul Ball, location: 2F
3-2: Foul Ball, location: 2F
3-2: DOUBLE (Flyball, 78XD, EV 95.0 MPH)
Valentin Laporte to third
Batting: RHB Rodolfo Contreras 0-0: Ball
1-0: Ball
2-0: Ball
3-0: Called Strike
3-1: Foul Ball, location: 2F
3-2: Base on Balls
Batting: RHB Chris Torlak 0-0: Foul Ball, location: 2F
0-1: Ball
1-1: Called Strike
1-2: Foul Ball, location: 2F
1-2: Ball
2-2: Strikes out swinging
Batting: RHB Rick Concha 0-0: Foul Ball, location: 2F
0-1: Ball
1-1: Foul Ball, location: 2F
1-2: Fly out, F3 (Popup, 3S, EV 84.4 MPH)
Batting: LHB Alejandro Soriano 0-0: Ball
1-0: Ball
2-0: Swinging Strike
2-1: Ball
3-1: Base on Balls
Valentin Laporte scores
Orlando Suarez to third
Rodolfo Contreras to second
Batting: RHB Zhi-bin Ou-yang 0-0: Called Strike
0-1: Called Strike
0-2: SINGLE (Groundball, 4D, EV 104.4 MPH)
Orlando Suarez scores
Rodolfo Contreras to third
Alejandro Soriano to second
Runner from 3rd tries for Home, SAFE, throw by CF to home
Batting: RHB Doug Hammertime 0-0: Ball
1-0: Ball
2-0: Ball
3-0: Called Strike
3-1: Called Strike
3-2: Foul Ball, location: 2F
3-2: Foul Ball, location: 2F
3-2: Ground out 5-3 (Groundball, 5L, EV 108.8 MPH)
Bottom of the 2nd over - 3 runs, 2 hits, 0 errors, 2 left on base; Toledo 0 - Round Rock 3
TOP OF THE 3RD
Toledo Mud Hens batting - Pitching for Round Rock Express : RHP Corey Larimer
Batting: SHB Raul Morales 0-0: Ground out 5-3 (Groundball, 5L, EV 105.0 MPH)
Batting: RHB Josh Stinnett 0-0: Fly out, F9 (Flyball, 9S, EV 96.2 MPH)
Batting: SHB Adam Weber 0-0: Called Strike
0-1: Ball
1-1: Ball
2-1: Foul Ball, location: 2F
2-2: Ground out 2-3 (Groundball, 2L, EV 74.4 MPH)
Top of the 3rd over - 0 runs, 0 hits, 0 errors, 0 left on base; Toledo 0 - Round Rock 3
BOTTOM OF THE 3RD
Round Rock Express batting - Pitching for Toledo Mud Hens : RHP Wayne McAllister
Batting: RHB Luis Villanueva 0-0: Called Strike
0-1: Called Strike
0-2: Ball
1-2: Strikes out looking
Batting: SHB Valentin Laporte 0-0: Called Strike
0-1: Ball
1-1: Ground out 5-3 (Groundball, 56, EV 79.4 MPH)
Batting: RHB Orlando Suarez 0-0: Called Strike
0-1: Ball
1-1: Foul Ball, location: 2F
1-2: Ball
2-2: SINGLE (Line Drive, 89S, EV 94.4 MPH)
Batting: RHB Rodolfo Contreras 0-0: Ball
1-0: Ball
2-0: Ground out U3 (Groundball, 3, EV 89.4 MPH)
Bottom of the 3rd over - 0 runs, 1 hit, 0 errors, 1 left on base; Toledo 0 - Round Rock 3
TOP OF THE 4TH
Toledo Mud Hens batting - Pitching for Round Rock Express : RHP Corey Larimer
Batting: LHB Jamel Alexander 0-0: Swinging Strike
0-1: Foul Ball, location: 2F
0-2: Strikes out swinging
Batting: LHB Andy Schumacher 0-0: Swinging Strike
0-1: Ball
1-1: Ball
2-1: Ball
3-1: Base on Balls
Batting: RHB Tim Borden 0-0: Ball
1-0: Swinging Strike
1-1: Foul Ball, location: 2F
1-2: Ball
2-2: Strikes out looking
Batting: SHB Jamie Roberts 0-0: Ground out 4-3 (Groundball, 4, EV 81.9 MPH)
Top of the 4th over - 0 runs, 0 hits, 0 errors, 1 left on base; Toledo 0 - Round Rock 3
BOTTOM OF THE 4TH
Round Rock Express batting - Pitching for Toledo Mud Hens : RHP Wayne McAllister
Batting: RHB Chris Torlak 0-0: Ground out 5-3 (Groundball, 56, EV 85.0 MPH)
Batting: RHB Rick Concha 0-0: Called Strike
0-1: Swinging Strike
0-2: Ball
1-2: Strikes out swinging
Batting: LHB Alejandro Soriano 0-0: Called Strike
0-1: Ball
1-1: Ball
2-1: Ball
3-1: Base on Balls
Batting: RHB Zhi-bin Ou-yang 0-0: Foul Ball, location: 2F
0-1: Ball
1-1: Called Strike
1-2: Ball
2-2: Ball
Alejandro Soriano steals 2nd base
3-2: SINGLE (Line Drive, 89S, EV 93.1 MPH)
Alejandro Soriano to third
Batting: RHB Doug Hammertime 0-0: Called Strike
0-1: Ground out 4-3 (Groundball, 4, EV 96.2 MPH)
Bottom of the 4th over - 0 runs, 1 hit, 0 errors, 2 left on base; Toledo 0 - Round Rock 3
TOP OF THE 5TH
Toledo Mud Hens batting - Pitching for Round Rock Express : RHP Corey Larimer
Batting: RHB Steve Clark 0-0: Ball
1-0: Foul Ball, location: 2F
1-1: DOUBLE (Groundball, 5L, EV 101.2 MPH)
Batting: RHB Zach Koblinski 0-0: Called Strike
0-1: Called Strike
0-2: Foul Ball, location: 2F
0-2: Foul Ball, location: 2F
0-2: Ball
1-2: Strikes out swinging
Batting: SHB Raul Morales 0-0: Called Strike
0-1: Ball
1-1: SINGLE (Groundball, 34S, EV 66.9 MPH) (infield hit)
Steve Clark to third
Batting: RHB Josh Stinnett 0-0: Ball
1-0: Ball
2-0: Called Strike
2-1: Foul Ball, location: 2F
2-2: Strikes out swinging
Batting: SHB Adam Weber 0-0: Ball
1-0: Ground out U3 (Groundball, 3S, EV 70.0 MPH)
Top of the 5th over - 0 runs, 2 hits, 0 errors, 2 left on base; Toledo 0 - Round Rock 3
BOTTOM OF THE 5TH
Round Rock Express batting - Pitching for Toledo Mud Hens : RHP Wayne McAllister
Batting: RHB Luis Villanueva 0-0: Called Strike
0-1: Called Strike
0-2: Strikes out looking
Batting: SHB Valentin Laporte 0-0: Ball
1-0: Ball
2-0: Called Strike
2-1: Foul Ball, location: 2F
2-2: Strikes out looking
Batting: RHB Orlando Suarez 0-0: Ball
1-0: Ball
2-0: Called Strike
2-1: SINGLE (Line Drive, 89S, EV 95.6 MPH)
Pitching: LHP Jim Daum
Batting: RHB Rodolfo Contreras 0-0: Ball
1-0: Called Strike
1-1: Ball
2-1: Swinging Strike
2-2: Ball
3-2: Base on Balls
Orlando Suarez to second
Batting: RHB Chris Torlak 0-0: Ball
1-0: Ball
2-0: Ball
3-0: Base on Balls
Orlando Suarez to third
Rodolfo Contreras to second
Batting: RHB Rick Concha 0-0: Called Strike
0-1: Called Strike
0-2: Ball
1-2: Ball
2-2: Ball
3-2: Fly out, F5 (Popup, 5S, EV 76.9 MPH)
Bottom of the 5th over - 0 runs, 1 hit, 0 errors, 3 left on base; Toledo 0 - Round Rock 3
TOP OF THE 6TH
Toledo Mud Hens batting - Pitching for Round Rock Express : RHP Corey Larimer
Batting: LHB Jamel Alexander 0-0: Ball
1-0: Ball
2-0: Ball
3-0: Base on Balls
Batting: LHB Andy Schumacher 0-0: Ball
1-0: Swinging Strike
1-1: Ball
2-1: Swinging Strike
2-2: Ball
3-2: Base on Balls
Jamel Alexander to second
Batting: RHB Tim Borden 0-0: SINGLE (Groundball, 4MD, EV 95.6 MPH)
Jamel Alexander to third
Andy Schumacher to second
Runner from 3rd tries for Home, SAFE, throw by CF to home
Pinch Runner at 2nd Casey Knutson:
Batting: SHB Jamie Roberts 0-0: Called Strike
0-1: Foul Ball, location: 2F
0-2: Strikes out swinging
Batting: RHB Steve Clark 0-0: Called Strike
0-1: Called Strike
0-2: Strikes out swinging
Batting: RHB Zach Koblinski 0-0: Called Strike
0-1: Ball
1-1: Called Strike
1-2: Strikes out swinging
Top of the 6th over - 1 run, 1 hit, 0 errors, 2 left on base; Toledo 1 - Round Rock 3
BOTTOM OF THE 6TH
Round Rock Express batting - Pitching for Toledo Mud Hens : LHP Jim Daum
Batting: LHB Alejandro Soriano 0-0: Ball
1-0: Foul Ball, location: 2F
1-1: Called Strike
1-2: Foul Ball, location: 2F
1-2: Strikes out swinging
Batting: RHB Zhi-bin Ou-yang 0-0: Ball
1-0: Swinging Strike
1-1: Swinging Strike
1-2: Ball
2-2: Foul Ball, location: 2F
2-2: Ground out 5-3 (Groundball, 5L, EV 81.2 MPH)
Batting: RHB Doug Hammertime 0-0: Called Strike
0-1: Fly out, F7 (Line Drive, 7LS, EV 98.8 MPH)
Bottom of the 6th over - 0 runs, 0 hits, 0 errors, 0 left on base; Toledo 1 - Round Rock 3
TOP OF THE 7TH
Toledo Mud Hens batting - Pitching for Round Rock Express : RHP Corey Larimer
Batting: SHB Raul Morales 0-0: Foul Ball, location: 2F
0-1: Fly out, F8 (Flyball, 8LXD, EV 83.8 MPH)
Batting: RHB Josh Stinnett 0-0: Called Strike
0-1: Ball
1-1: Foul Ball, location: 2F
1-2: Strikes out looking
Batting: SHB Adam Weber 0-0: SINGLE (Groundball, 6M, EV 109.4 MPH) (infield hit)
Batting: LHB Jamel Alexander 0-0: Ball
1-0: Foul Ball, location: 2F
1-1: Swinging Strike
1-2: Foul Ball, location: 2F
1-2: Ball
2-2: Strikes out swinging, 2-3 out at first.
Top of the 7th over - 0 runs, 1 hit, 0 errors, 1 left on base; Toledo 1 - Round Rock 3
BOTTOM OF THE 7TH
Round Rock Express batting - Pitching for Toledo Mud Hens : LHP Jim Daum
Batting: RHB Luis Villanueva 0-0: Ground out U3 (Groundball, 34S, EV 95.0 MPH)
Batting: SHB Valentin Laporte 0-0: Ball
1-0: SINGLE (Groundball, 6D, EV 96.9 MPH)
Batting: RHB Orlando Suarez 0-0: Called Strike
0-1: Ball
1-1: Foul Ball, location: 2F
1-2: Ball
2-2: Foul Ball, location: 2F
2-2: Ball
3-2: Base on Balls
Valentin Laporte to second
Batting: RHB Rodolfo Contreras 0-0: Ball
1-0: Ground out 3-1 (Groundball, 13, EV 85.6 MPH)
Valentin Laporte to third
Orlando Suarez to second
Batting: RHB Chris Torlak 0-0: Fly out, F8 (Flyball, 8LS, EV 89.4 MPH)
Bottom of the 7th over - 0 runs, 1 hit, 0 errors, 2 left on base; Toledo 1 - Round Rock 3
TOP OF THE 8TH
Toledo Mud Hens batting - Pitching for Round Rock Express : RHP Corey Larimer
Now at 1B: Dan Tew
Batting: RHB Casey Knutson 0-0: SINGLE (Line Drive, 4M, EV 103.8 MPH)
Batting: RHB Tim Borden 0-0: Swinging Strike
0-1: Ball
1-1: Called Strike
1-2: Foul Ball, location: 2F
1-2: Ball
2-2: Foul Ball, location: 2F
2-2: SINGLE (Groundball, 34D, EV 103.1 MPH)
Casey Knutson to second
Runner from 2nd tries for 3rd, SAFE, throw by RF made to third
Pitching: RHP Ryan Jones
Batting: SHB Jamie Roberts 0-0: Foul Ball, location: 2F
0-1: Called Strike
0-2: Foul Ball, location: 2F
0-2: Foul Ball, location: 2F
0-2: Ball
1-2: Strikes out swinging
Batting: RHB Steve Clark 0-0: Called Strike
0-1: Fly out, F8 (Flyball, 8RXD, EV 91.2 MPH)
Runner from 3rd tags up, SCORES, no throw by CF
Batting: RHB Zach Koblinski 0-0: Called Strike
0-1: Ball
1-1: Called Strike
1-2: Strikes out swinging
Top of the 8th over - 1 run, 2 hits, 0 errors, 1 left on base; Toledo 2 - Round Rock 3
BOTTOM OF THE 8TH
Round Rock Express batting - Pitching for Toledo Mud Hens : LHP Jim Daum
Pitching: RHP Steve McGaughey
Pinch Hitting: SHB Isaiah Cherry 0-0: Ball
1-0: Ball
2-0: Foul Ball, location: 2F
2-1: Ball
3-1: Called Strike
3-2: Fly out, F8 (Flyball, 8LD, EV 85.0 MPH)
Batting: LHB Alejandro Soriano 0-0: Ball
1-0: Fly out, F8 (Flyball, 8LXD, EV 104.4 MPH)
Batting: RHB Zhi-bin Ou-yang 0-0: Called Strike
0-1: Called Strike
0-2: Ball
1-2: Ball
2-2: Foul Ball, location: 2F
2-2: Ball
3-2: Fly out, F8 (Flyball, 78D, EV 79.4 MPH)
Bottom of the 8th over - 0 runs, 0 hits, 0 errors, 0 left on base; Toledo 2 - Round Rock 3
TOP OF THE 9TH
Toledo Mud Hens batting - Pitching for Round Rock Express : RHP Ryan Jones
Pitching: RHP Mark Lopez
Now at SS: Isaiah Cherry
Batting: SHB Raul Morales 0-0: Ball
1-0: SINGLE (Groundball, 34D, EV 104.4 MPH)
Batting: RHB Josh Stinnett 0-0: Bunted foul
0-1: Ball
1-1: Bunt missed!
1-2: SINGLE (Groundball, 5D, EV 105.6 MPH)
Raul Morales to second
Runner from 2nd tries for 3rd, SAFE, throw by LF made at trailing runner, OUT! 7-4
Batting: SHB Adam Weber 0-0: Foul Ball, location: 2F
0-1: Foul Ball, location: 2F
0-2: DOUBLE (Line Drive, 8RD, EV 105.6 MPH)
Raul Morales scores
Batting: LHB Jamel Alexander 0-0: Ball
1-0: Ball
2-0: Ball
3-0: Base on Balls
Batting: RHB Casey Knutson 0-0: Foul Ball, location: 2F
0-1: Grounds into double play, 6-4-3 (Groundball, 6M, EV 82.5 MPH)
Top of the 9th over - 1 run, 3 hits, 0 errors, 1 left on base; Toledo 3 - Round Rock 3
BOTTOM OF THE 9TH
Round Rock Express batting - Pitching for Toledo Mud Hens : RHP Steve McGaughey
Pitching: LHP Matt Granados
Batting: RHB Doug Hammertime 0-0: Called Strike
0-1: Ball
1-1: Swinging Strike
1-2: Strikes out swinging
Batting: RHB Luis Villanueva 0-0: Ground out 5-3 (Groundball, 56, EV 93.1 MPH)
Batting: SHB Dan Tew 0-0: Ball
1-0: Ball
2-0: SINGLE (Line Drive, 8RS, EV 101.9 MPH)
Batting: RHB Orlando Suarez 0-0: Ball
1-0: Called Strike
1-1: Ball
2-1: Ball
3-1: Fly out, F9 (Line Drive, 9D, EV 104.4 MPH)
Bottom of the 9th over - 0 runs, 1 hit, 0 errors, 1 left on base; Toledo 3 - Round Rock 3
TOP OF THE 10TH
Toledo Mud Hens batting - Pitching for Round Rock Express : RHP Mark Lopez
Pitching: LHP Harry Tuckfard
Batting: RHB Tim Borden 0-0: Ground out 2-3 (Groundball, 15S, EV 61.9 MPH)
Batting: SHB Jamie Roberts 0-0: Ball
1-0: SINGLE (Groundball, 4MD, EV 105.6 MPH)
Batting: RHB Steve Clark 0-0: Called Strike
0-1: Foul Ball, location: 2F
0-2: Fly out, F7 (Flyball, 7S, EV 86.2 MPH)
Batting: RHB Zach Koblinski 0-0: Ball
1-0: Ball
2-0: Called Strike
2-1: Foul Ball, location: 2F
2-2: Strikes out looking
Top of the 10th over - 0 runs, 1 hit, 0 errors, 1 left on base; Toledo 3 - Round Rock 3
BOTTOM OF THE 10TH
Round Rock Express batting - Pitching for Toledo Mud Hens : LHP Matt Granados
Pitching: RHP Will Lane
Pinch Hitting: LHB Josh Cook 0-0: Foul Ball, location: 2F
0-1: Ground out 3-1 (Groundball, 34S, EV 83.8 MPH)
Batting: RHB Chris Torlak 0-0: Called Strike
0-1: Ball
1-1: Ball
2-1: Ground out 3-1 (Groundball, 34, EV 85.6 MPH)
Batting: SHB Isaiah Cherry 0-0: Ball
1-0: Called Strike
1-1: Ground out U3 (Groundball, 34, EV 90.6 MPH)
Bottom of the 10th over - 0 runs, 0 hits, 0 errors, 0 left on base; Toledo 3 - Round Rock 3
TOP OF THE 11TH
Toledo Mud Hens batting - Pitching for Round Rock Express : LHP Harry Tuckfard
Now in CF: Alejandro Soriano
Now in RF: Josh Cook
Batting: SHB Raul Morales 0-0: Called Strike
0-1: Foul Ball, location: 2F
0-2: Ball
1-2: Ground out 6-3 (Groundball, 6S, EV 67.5 MPH)
Batting: RHB Josh Stinnett 0-0: Ball
1-0: Called Strike
1-1: Ball
2-1: Ball
3-1: Ground out 6-3 (Groundball, 6M, EV 78.1 MPH)
Batting: SHB Adam Weber 0-0: Ball
1-0: Swinging Strike
1-1: Swinging Strike
1-2: Ground out 6-3 (Groundball, 6, EV 86.2 MPH)
Top of the 11th over - 0 runs, 0 hits, 0 errors, 0 left on base; Toledo 3 - Round Rock 3
BOTTOM OF THE 11TH
Round Rock Express batting - Pitching for Toledo Mud Hens : RHP Will Lane
Batting: LHB Alejandro Soriano 0-0: Foul Ball, location: 2F
0-1: Foul Ball, location: 2F
0-2: Ball
1-2: Foul Ball, location: 2F
1-2: Ball
2-2: Foul Ball, location: 2F
2-2: Ground out 4-3 (Groundball, 4, EV 103.1 MPH)
Batting: RHB Zhi-bin Ou-yang 0-0: Swinging Strike
0-1: Fly out, F3 (Popup, 3F, EV 56.2 MPH)
Batting: RHB Doug Hammertime 0-0: Called Strike
0-1: Ground out 4-3 (Groundball, 4M, EV 98.8 MPH)
Bottom of the 11th over - 0 runs, 0 hits, 0 errors, 0 left on base; Toledo 3 - Round Rock 3
TOP OF THE 12TH
Toledo Mud Hens batting - Pitching for Round Rock Express : LHP Harry Tuckfard
Batting: LHB Jamel Alexander 0-0: Called Strike
0-1: Ball
1-1: Called Strike
1-2: Foul Ball, location: 2F
1-2: Strikes out looking
Batting: RHB Casey Knutson 0-0: Called Strike
0-1: Foul Ball, location: 2F
0-2: Strikes out swinging
Batting: RHB Tim Borden 0-0: Fly out, F8 (Flyball, 8LXD, EV 98.1 MPH)
Top of the 12th over - 0 runs, 0 hits, 0 errors, 0 left on base; Toledo 3 - Round Rock 3
BOTTOM OF THE 12TH
Round Rock Express batting - Pitching for Toledo Mud Hens : RHP Will Lane
Batting: RHB Luis Villanueva 0-0: Foul Ball, location: 2F
0-1: Foul Ball, location: 2F
0-2: Ground out 6-3 (Groundball, 6, EV 87.5 MPH)
Batting: SHB Dan Tew 0-0: Foul Ball, location: 2F
0-1: Ground out 4-3 (Groundball, 4, EV 107.5 MPH)
Batting: RHB Orlando Suarez 0-0: Ball
1-0: Ball
2-0: Called Strike
2-1: Called Strike
2-2: Foul Ball, location: 2F
2-2: Ball
3-2: Fly out, F8 (Flyball, 89M, EV 83.1 MPH)
Bottom of the 12th over - 0 runs, 0 hits, 0 errors, 0 left on base; Toledo 3 - Round Rock 3
TOP OF THE 13TH
Toledo Mud Hens batting - Pitching for Round Rock Express : LHP Harry Tuckfard
Pitching: RHP Javier Cabrera
Batting: SHB Jamie Roberts 0-0: Called Strike
0-1: Foul Ball, location: 2F
0-2: Ground out 4-3 (Groundball, 4S, EV 65.6 MPH)
Batting: RHB Steve Clark 0-0: Ball
1-0: DOUBLE (Line Drive, 9LM, EV 105.6 MPH) - OUT at third base trying to stretch hit.
Batting: RHB Zach Koblinski 0-0: Ball
1-0: Ball
2-0: Ball
3-0: Called Strike
3-1: SINGLE (Line Drive, 4M, EV 102.5 MPH)
Batting: SHB Raul Morales 0-0: Called Strike
0-1: Called Strike
0-2: Ball
1-2: Ball
2-2: Foul Ball, location: 2F
2-2: Foul Ball, location: 2F
2-2: Foul Ball, location: 2F
2-2: Strikes out swinging
Top of the 13th over - 0 runs, 2 hits, 0 errors, 1 left on base; Toledo 3 - Round Rock 3
BOTTOM OF THE 13TH
Round Rock Express batting - Pitching for Toledo Mud Hens : RHP Will Lane
Pitching: RHP Alexis Priego
Batting: LHB Josh Cook 0-0: Foul Ball, location: 2F
0-1: Foul Ball, location: 2F
0-2: Ball
1-2: Fly out, F7 (Flyball, 7LS, EV 86.9 MPH)
Batting: RHB Chris Torlak 0-0: Reached on error, E3 (Groundball, 34, EV 82.5 MPH)
Batting: SHB Isaiah Cherry 0-0: Ball
1-0: Ball
Chris Torlak steals 2nd base
2-0: Called Strike
2-1: Foul Ball, location: 2F
2-2: Foul Ball, location: 2F
2-2: SINGLE (Flyball, 8RS, EV 88.1 MPH)
Chris Torlak to third
Runner from 3rd tries for Home, SAFE, throw by CF to home
Bottom of the 13th over - 1 run, 1 hit, 1 error, 0 left on base; Toledo 3 - Round Rock 4
Game Over ... Round Rock defeats Toledo, 4 to 3
Wednesday, June 22nd , 2022 - OOTP Baseball 23.4 Build 64